 Dungeon Crawl Stone Soup version 0.20-a0-785-g17250f0 (webtiles) character file.

249 Gorglomux the Slinger (level 6, 0/39 HPs)
             Began as a Halfling Hunter on Feb 27, 2017.
             Slain by a howler monkey (1 damage)
             ... on level 4 of the Dungeon.
             The game lasted 00:06:54 (2523 turns).

Gorglomux the Slinger (Halfling Hunter)             Turns: 2523, Time: 00:06:57

Health: 0/39       AC:  6    Str: 13    XL:     6   Next: 34%
Magic:  6/6        EV: 14    Int: 14    God:
Gold:   181        SH:  0    Dex: 17    Spells: 5/5 levels left

rFire    . . .     SeeInvis .   a - +1 hunting sling
rCold    . . .     Gourm    .   c - +0 leather armour
rNeg     . . .     Faith    .   (shield restricted)
rPois    .         Spirit   .   (no helmet)
rElec    .         Reflect  .   S - +0 cloak
rCorr    .         Harm     .   y - +1 pair of gloves
MR       .....                  (no boots)
Stlth    +.........             (no amulet)
Regen    0.2/turn               (no ring)
MPRegen  0.1/turn               (no ring)

@: brilliant
A: hooves 1, mutation resistance 1
a: no special abilities


You were on level 4 of the Dungeon.
You were not hungry.

You visited 1 branch of the dungeon, and saw 4 of its levels.

You collected 181 gold pieces.

Inventory:

Hand Weapons
 a - a +1 hunting sling (weapon)
 b - a +0 short sword
Missiles
 d - 21 sling bullets (quivered)
 m - 191 stones
Armour
 c - a +0 leather armour (worn)
 y - a +1 pair of gloves (worn)
 S - a +0 cloak (worn)
Scrolls
 h - a scroll of fear {unknown}
 n - 2 scrolls of remove curse {unknown}
 v - a scroll of enchant armour {unknown}
 w - a scroll of amnesia {unknown}
 C - a scroll of teleportation {unknown}
 R - 2 scrolls of identify
 V - a scroll of random uselessness {unknown}
Potions
 p - a potion of invisibility {unknown}
 q - a potion of heal wounds {unknown}
 s - a potion of lignification {unknown}
 t - a potion of resistance {unknown}
 u - a potion of might {unknown}
 z - 2 potions of flight
 D - a potion of curing {unknown}
 E - a potion of haste {unknown}
 T - a potion of degeneration {unknown}
 U - a potion of ambrosia {unknown}
Comestibles
 f - 3 bread rations
 i - 3 royal jellies
 x - 3 meat rations
 B - 2 fruits
 W - 3 chunks of flesh


   Skills:
 - Level 1.7 Fighting
 + Level 10.2 Slings
 - Level 2.1 Dodging
 - Level 1.1 Stealth


You had 5 spell levels left.
You didn't know any spells.

Dungeon Overview and Level Annotations

Branches:
Dungeon (4/15)
 Temple: D:4-7

Altars:
Cheibriados
Gozag
Sif Muna


Innate Abilities, Weirdness & Mutations

You are small and have problems with some larger weapons.
You are somewhat resistant to further mutation.
You have large cloven feet.


Message History

You fly up into the air.
The howler monkey hoots and howls with incredible vigour!
The hound barely misses you. x2; The hound closely misses you.
The howler monkey closely misses you.
It was a potion of cancellation.
Your magical effects are unravelling.
You feel magically purged.
You float gracefully downwards.
The hound misses you. x3; The hound bites you.
* * * LOW HITPOINT WARNING * * *
The howler monkey hoots and howls with incredible vigour!
The hound completely misses you. The hound misses you.
You hear a shout!
Unknown command.
It was a potion of brilliance.
You feel clever all of a sudden. The hound closely misses you.
The hound bites you but does no damage. The hound bites you.
* * * LOW HITPOINT WARNING * * *
The howler monkey hits you.
You die...

...###..#
.# .. .(..
..# ..._..
....
#(...##...#
#(#..#...
#.((...
#.)h# #.@h#
#.hh#
.(.....
##........
#..........
#..........
#..........
###.......(


You could see a howler monkey and 3 hounds.

Vanquished Creatures
  An ogre (D:4)
  An orc priest (D:3)
  Crazy Yiuf (D:3)
  A gnoll (D:1)
  An adder (D:2)
  A shadow imp (D:3)
  3 oozes
  2 leopard geckos
  8 orcs (D:3)
  3 giant cockroaches
  4 hobgoblins
  11 kobolds
  2 quokkas (D:2)
  8 bats
  2 frilled lizards (D:2)
  7 goblins
  A jackal zombie (D:3)
  7 rats
64 creatures vanquished.

Notes
Turn   | Place    | Note
-------+----------+-------------------------------------------
     0 | D:1      | Gorglomux the Halfling Hunter began the quest for the Orb.
     0 | D:1      | Reached XP level 1. HP: 14/14 MP: 1/1
    44 | D:1      | Reached skill level 6 in Slings
   215 | D:1      | Reached XP level 2. HP: 15/19 MP: 2/2
   485 | D:1      | Reached skill level 7 in Slings
   485 | D:1      | Reached XP level 3. HP: 17/24 MP: 3/3
   979 | D:2      | Reached XP level 4. HP: 29/29 MP: 4/4
  1269 | D:2      | Reached skill level 8 in Slings
  1656 | D:3      | Found an opulent altar of Gozag.
  2006 | D:3      | Reached XP level 5. HP: 23/34 MP: 5/5
  2040 | D:3      | Found a runed door.
  2112 | D:3      | Gained mutation: You have large cloven feet. [potion of mutation]
  2113 | D:3      | Noticed Crazy Yiuf
  2117 | D:3      | Killed Crazy Yiuf
  2117 | D:3      | Reached skill level 9 in Slings
  2245 | D:3      | Found a deep blue altar of Sif Muna.
  2508 | D:4      | Found a snail-covered altar of Cheibriados.
  2508 | D:4      | Noticed an ogre
  2520 | D:4      | Killed an ogre
  2520 | D:4      | Reached skill level 10 in Slings
  2520 | D:4      | Reached XP level 6. HP: 6/39 MP: 6/6
  2523 | D:4      | HP: 1/39 [hound (4)]
  2523 | D:4      | Slain by a howler monkey

Vault maps used:
D:1:      ncdulo_watergridlock, nrook_mini_backslash,
          hangedman_abyss_or_decor_stabs
D:2:      minmay_tetromino_o4
D:3:      overflow_temple_1_default, led_sif_pool, serial_glass,
          glass_columns_b, glass_columns_b, uniq_crazy_yiuf_cottage
D:4:      cheibriados_altar_1, kennysheep_mini_moat, first_bread,
          nicolae_ashenzari_panopticon, uniq_sigmund

Skill      XL: |  1  2  3  4  5 |
---------------+----------------+-----
Slings         | 6 7 8 10 | 10.2
Fighting       | |  1.7
Dodging        | |  2.1
Stealth        | |  1.1

Action                   |  1- 3 |  4- 6 || total
-------------------------+-------+-------++-------
Melee: Short sword       |    37 |       ||    37
 Fire: Hunting sling     |    40 |   132 ||   172
  Use: Potion            |       |     6 ||     6
       Scroll            |       |     1 ||     1
 Stab: Sleeping          |     2 |       ||     2
  Eat: Chunk             |       |     5 ||     5
Armor: Leather armour    |     7 |    11 ||    18
Dodge: Dodged            |    33 |    48 ||    81
